ESL (28 & UNDER)
BUTLER WHITE SOX @ RIO GRANDE RATTLESNAKE
09/16/2025
 
TOP OF THE 1ST
Butler White Sox batting - Pitching for Rio Grande Rattlesnake : RHP Chris Carpenter
Pitching: RHP Chris Carpenter
Batting: LHB Jesús González 0-0: Swinging Strike
0-1: Ground out 5-3 (Groundball, 56)
Batting: RHB Rodney González 0-0: Ball
1-0: Ball
2-0: Ball
3-0: Base on Balls
Batting: LHB Mark Everett 0-0: Ball
1-0: Foul Ball, location: 2F
1-1: Ball
Rodney González is caught stealing 2nd base
2-1: Called Strike
2-2: Strikes out looking
Top of the 1st over - 0 run(s), 0 hit(s), 0 error(s), 0 left on base; Butler 0 - Rio Grande 0
BOTTOM OF THE 1ST
Rio Grande Rattlesnake batting - Pitching for Butler White Sox : RHP Luis De Los Ángeles
Pitching: RHP Luis De Los Ángeles
Batting: RHB Javier Rentería 0-0: Ball
1-0: Called Strike
1-1: Ball
2-1: Ball
3-1: DOUBLE (Line Drive, 78M)
Batting: RHB Luis Sánchez 0-0: Ball
1-0: Fly out, F8 (Flyball, 8RD)
Runner from 2nd tags up, SAFE at 3rd, no throw
Batting: LHB Luis Villa 0-0: Ball
1-0: Ball
2-0: Swinging Strike
2-1: Called Strike
2-2: Strikes out swinging
Batting: SHB Douglas Taylor 0-0: Called Strike
0-1: Swinging Strike
0-2: Strikes out swinging
Bottom of the 1st over - 0 run(s), 1 hit(s), 0 error(s), 1 left on base; Butler 0 - Rio Grande 0
TOP OF THE 2ND
Butler White Sox batting - Pitching for Rio Grande Rattlesnake : RHP Chris Carpenter
Batting: RHB Luis Alou 0-0: Swinging Strike
0-1: Ball
1-1: Called Strike
1-2: Foul Ball, location: 2F
1-2: Ball
2-2: DOUBLE (Flyball, 8RXD)
Batting: RHB Richard Bankhead 0-0: Called Strike
0-1: Ball
1-1: Called Strike
1-2: Foul Ball, location: 2F
1-2: Foul Ball, location: 2F
1-2: Ball
2-2: Strikes out looking
Batting: SHB Pedro Martínez 0-0: Called Strike
0-1: Foul Ball, location: 2F
0-2: Foul Ball, location: 2F
0-2: Foul Ball, location: 2F
0-2: Foul Ball, location: 2F
0-2: Ball
1-2: Foul Ball, location: 2F
1-2: Strikes out swinging
Batting: RHB Enrique Bermúdez 0-0: Called Strike
0-1: Reached on error, E4 (Groundball, 4)
Luis Alou scores
Batting: RHB Evan Robinson 0-0: Ball
1-0: Foul Ball, location: 2F
1-1: Ball
2-1: Ground out 5-3 (Groundball, 56S)
Top of the 2nd over - 1 run(s), 1 hit(s), 1 error(s), 1 left on base; Butler 1 - Rio Grande 0
BOTTOM OF THE 2ND
Rio Grande Rattlesnake batting - Pitching for Butler White Sox : RHP Luis De Los Ángeles
Batting: SHB Carlos Reyes 0-0: Ball
1-0: Called Strike
1-1: Foul Ball, location: 2F
1-2: Strikes out swinging
Batting: SHB Giancarlo Giannini 0-0: Ball
1-0: Called Strike
1-1: Foul Ball, location: 2F
1-2: Ball
2-2: Ball
3-2: Base on Balls
Batting: RHB Christian Hudson 0-0: Called Strike
0-1: Ball
Giancarlo Giannini is caught stealing 2nd base
1-1: SINGLE (Groundball, 34)
Batting: RHB Luis Ibarra 0-0: Ball
1-0: Ball
2-0: Called Strike
2-1: Ball
3-1: Swinging Strike
3-2: Strikes out swinging
Bottom of the 2nd over - 0 run(s), 1 hit(s), 0 error(s), 1 left on base; Butler 1 - Rio Grande 0
TOP OF THE 3RD
Butler White Sox batting - Pitching for Rio Grande Rattlesnake : RHP Chris Carpenter
Batting: RHB Luis Alvarado 0-0: Foul Ball, location: 2F
0-1: Ball
1-1: SINGLE (Popup, 34D)
Batting: LHB Jesús González 0-0: Ball
1-0: Foul Ball, location: 2F
1-1: Swinging Strike
1-2: Foul Ball, location: 2F
1-2: Strikes out swinging
Batting: RHB Rodney González 0-0: Ball
1-0: Ball
2-0: Ball
3-0: Called Strike
3-1: Foul Ball, location: 2F
3-2: SINGLE (Line Drive, 78S)
Luis Alvarado to second
Batting: LHB Mark Everett 0-0: Ball
1-0: Called Strike
1-1: Fly out, F2 (Popup, 2LF)
Batting: RHB Luis Alou 0-0: Swinging Strike
0-1: Ball
1-1: Foul Ball, location: 2F
1-2: Foul Ball, location: 2F
1-2: Foul Ball, location: 2F
1-2: Ball
2-2: Strikes out swinging
Top of the 3rd over - 0 run(s), 2 hit(s), 0 error(s), 2 left on base; Butler 1 - Rio Grande 0
BOTTOM OF THE 3RD
Rio Grande Rattlesnake batting - Pitching for Butler White Sox : RHP Luis De Los Ángeles
Batting: RHB Paul Martin 0-0: Foul Ball, location: 2F
0-1: SINGLE (Line Drive, 6MD)
Batting: RHB Javier Rentería 0-0: Ball
1-0: Fly out, F9 (Flyball, 9M)
Batting: RHB Luis Sánchez 0-0: Ball
1-0: Foul Ball, location: 2F
1-1: Ball
2-1: Ball
3-1: Foul Ball, location: 2F
3-2: SINGLE (Line Drive, 56D)
Paul Martin to second
Batting: LHB Luis Villa 0-0: Fielders Choice at 2nd, 6-4 (Groundball, 6)
Paul Martin to third
Batting: SHB Douglas Taylor 0-0: Ball
1-0: Called Strike
1-1: Ball
2-1: SINGLE (Groundball, 4M)
Paul Martin scores
Luis Villa to second
Runner from 2nd tries for 3rd, SAFE, no throw or cutoff
Batting: SHB Carlos Reyes 0-0: SINGLE (Groundball, 15) (infield hit)
Luis Villa scores
Douglas Taylor to second
Batting: SHB Giancarlo Giannini 0-0: Swinging Strike
0-1: Foul Ball, location: 2F
0-2: Foul Ball, location: 2F
0-2: Foul Ball, location: 2F
0-2: Ball
1-2: Foul Ball, location: 2F
1-2: Foul Ball, location: 2F
1-2: Foul Ball, location: 2F
1-2: Ball
2-2: SINGLE (Groundball, 34D)
Douglas Taylor to third
Carlos Reyes to second
Runner from 3rd tries for Home, SAFE, no throw or cutoff
Batting: RHB Christian Hudson 0-0: Called Strike
0-1: Swinging Strike
0-2: Ball
1-2: Ball
2-2: Fielders Choice at 2nd, 6-4 (Groundball, 6)
Bottom of the 3rd over - 3 run(s), 5 hit(s), 0 error(s), 1 left on base; Butler 1 - Rio Grande 3
TOP OF THE 4TH
Butler White Sox batting - Pitching for Rio Grande Rattlesnake : RHP Chris Carpenter
Batting: RHB Richard Bankhead 0-0: Ball
1-0: Foul Ball, location: 2F
1-1: Ball
2-1: Ball
3-1: Foul Ball, location: 2F
3-2: Base on Balls
Batting: SHB Pedro Martínez 0-0: Called Strike
0-1: Called Strike
0-2: SINGLE (Groundball, 5D)
Richard Bankhead to second
Batting: RHB Enrique Bermúdez 0-0: Called Strike
Richard Bankhead steals 3rd base
Pedro Martínez to second
0-1: Ball
1-1: Foul Ball, location: 2F
1-2: Ball
2-2: Ball
3-2: Strikes out swinging
Batting: RHB Evan Robinson 0-0: Swinging Strike
0-1: Called Strike
0-2: Ball
1-2: Fly out, F3 (Popup, 3SF)
Batting: RHB Luis Alvarado 0-0: Foul Ball, location: 2F
0-1: SINGLE (Groundball, 3D)
Richard Bankhead scores
Pedro Martínez to third
Runner from 3rd tries for Home, SAFE, no throw or cutoff
Batting: LHB Jesús González 0-0: Called Strike
0-1: Swinging Strike
0-2: Ball
1-2: Ball
2-2: Strikes out looking
Top of the 4th over - 2 run(s), 2 hit(s), 0 error(s), 1 left on base; Butler 3 - Rio Grande 3
BOTTOM OF THE 4TH
Rio Grande Rattlesnake batting - Pitching for Butler White Sox : RHP Luis De Los Ángeles
Batting: RHB Luis Ibarra 0-0: Called Strike
0-1: Ball
1-1: Ball
2-1: SINGLE (Groundball, 4M)
Batting: RHB Paul Martin 0-0: Ball
1-0: Ball
2-0: SINGLE (Line Drive, 34)
Luis Ibarra to second
Batting: RHB Javier Rentería 0-0: Grounds into double play, 6-4-3 (Groundball, 6)
Luis Ibarra to third
Batting: RHB Luis Sánchez 0-0: Ball
1-0: Ball
2-0: Swinging Strike
2-1: Called Strike
2-2: Ball
3-2: Foul Ball, location: 2F
3-2: SINGLE (Groundball, 56D) (infield hit)
Luis Ibarra scores
Batting: LHB Luis Villa 0-0: Ball
1-0: Ball
2-0: Ball
3-0: Base on Balls
Luis Sánchez to second
Batting: SHB Douglas Taylor 0-0: Ball
1-0: Swinging Strike
1-1: Ball
2-1: Ball
3-1: Base on Balls
Luis Sánchez to third
Luis Villa to second
Batting: SHB Carlos Reyes 0-0: Ball
1-0: Called Strike
1-1: Foul Ball, location: 2F
1-2: Foul Ball, location: 2F
1-2: SINGLE (Line Drive, 34D)
Luis Sánchez scores
Luis Villa to third
Douglas Taylor to second
Runner from 3rd tries for Home, SAFE, no throw or cutoff
Batting: SHB Giancarlo Giannini 0-0: Ball
1-0: Foul Ball, location: 2F
1-1: Ball
2-1: Ball
3-1: SINGLE (Groundball, 3D)
Douglas Taylor to third
Carlos Reyes to second
Runner from 3rd tries for Home, SAFE, throw made at trailing runner, SAFE at third!
Pitching: RHP Cliff Erwin
Batting: RHB Christian Hudson 0-0: Ball
1-0: Ball
2-0: Foul Ball, location: 2F
2-1: Reached on error, E5 (Groundball, 5L)
Carlos Reyes scores
Giancarlo Giannini to third
Batting: RHB Luis Ibarra 0-0: Ball
1-0: Ball
2-0: Ball
3-0: Called Strike
3-1: Base on Balls
Batting: RHB Paul Martin 0-0: Ball
1-0: Ball
2-0: Foul Ball, location: 2F
2-1: Called Strike
2-2: Foul Ball, location: 2F
2-2: Ball
3-2: Strikes out swinging
Bottom of the 4th over - 5 run(s), 5 hit(s), 1 error(s), 3 left on base; Butler 3 - Rio Grande 8
TOP OF THE 5TH
Butler White Sox batting - Pitching for Rio Grande Rattlesnake : RHP Chris Carpenter
Batting: RHB Rodney González 0-0: Ball
1-0: Fly out, F8 (Flyball, 8RD)
Batting: LHB Mark Everett 0-0: Foul Ball, location: 2F
0-1: SINGLE (Groundball, 56D)
Batting: RHB Luis Alou 0-0: Ball
1-0: Grounds into double play, 6-4-3 (Groundball, 6)
Top of the 5th over - 0 run(s), 1 hit(s), 0 error(s), 0 left on base; Butler 3 - Rio Grande 8
BOTTOM OF THE 5TH
Rio Grande Rattlesnake batting - Pitching for Butler White Sox : RHP Cliff Erwin
Batting: RHB Javier Rentería 0-0: Foul Ball, location: 2F
0-1: Ball
1-1: Ball
2-1: Ball
3-1: Called Strike
3-2: SINGLE (Groundball, 56D)
Batting: RHB Luis Sánchez 0-0: Ball
Javier Rentería steals 2nd base
1-0: Ball
2-0: Ball
3-0: Called Strike
3-1: Foul Ball, location: 2F
3-2: Base on Balls
Batting: LHB Luis Villa 0-0: SINGLE (Line Drive, 89S)
Javier Rentería to third
Luis Sánchez to second
Batting: SHB Douglas Taylor 0-0: Ball
1-0: Foul Ball, location: 2F
1-1: Ball
2-1: Called Strike
2-2: Foul Ball, location: 2F
2-2: Strikes out swinging
Batting: SHB Carlos Reyes 0-0: Ball
1-0: Ball
2-0: Called Strike
2-1: Ball
3-1: Called Strike
3-2: Strikes out looking
Batting: SHB Giancarlo Giannini 0-0: Ball
1-0: Swinging Strike
1-1: Foul Ball, location: 2F
1-2: Ball
2-2: Strikes out looking
Bottom of the 5th over - 0 run(s), 2 hit(s), 0 error(s), 3 left on base; Butler 3 - Rio Grande 8
TOP OF THE 6TH
Butler White Sox batting - Pitching for Rio Grande Rattlesnake : RHP Chris Carpenter
Pitching: RHP Tom Hudson
Batting: RHB Richard Bankhead 0-0: Ball
1-0: Ball
2-0: Ball
3-0: Base on Balls
Batting: SHB Pedro Martínez 0-0: Ball
1-0: Fly out, F9 (Flyball, 9LM)
Batting: RHB Enrique Bermúdez 0-0: Called Strike
Richard Bankhead steals 2nd base
0-1: Foul Ball, location: 2F
0-2: Ball
1-2: Ball
2-2: Ball
3-2: Foul Ball, location: 2F
3-2: Foul Ball, location: 2F
3-2: Base on Balls
Batting: RHB Evan Robinson 0-0: Ball
Enrique Bermúdez steals 2nd base
Richard Bankhead to third
1-0: Foul Ball, location: 2F
1-1: Foul Ball, location: 2F
1-2: Ball
2-2: Ball
3-2: Base on Balls
Batting: RHB Luis Alvarado 0-0: Ball
1-0: Called Strike
1-1: Foul Ball, location: 2F
1-2: SINGLE (Groundball, 56D)
Richard Bankhead scores
Enrique Bermúdez to third
Evan Robinson to second
Runner from 3rd tries for Home, SAFE, throw made home
Evan Robinson to third
Luis Alvarado to second
Batting: LHB Jesús González 0-0: Swinging Strike
0-1: Called Strike
0-2: Strikes out swinging
Batting: RHB Rodney González 0-0: Ball
1-0: Called Strike
1-1: Called Strike
1-2: Fly out, F7 (Flyball, 8LD)
Top of the 6th over - 2 run(s), 1 hit(s), 0 error(s), 2 left on base; Butler 5 - Rio Grande 8
BOTTOM OF THE 6TH
Rio Grande Rattlesnake batting - Pitching for Butler White Sox : RHP Cliff Erwin
Batting: RHB Christian Hudson 0-0: Ball
1-0: Fly out, F8 (Flyball, 8RM)
Batting: RHB Luis Ibarra 0-0: Ball
1-0: SOLO HOME RUN (Line Drive, 9D), Distance : 350 ft
Batting: RHB Paul Martin 0-0: Called Strike
0-1: Ball
1-1: Swinging Strike
1-2: Ball
2-2: Strikes out swinging
Batting: RHB Javier Rentería 0-0: Ground out 6-3 (Groundball, 6)
Bottom of the 6th over - 1 run(s), 1 hit(s), 0 error(s), 0 left on base; Butler 5 - Rio Grande 9
TOP OF THE 7TH
Butler White Sox batting - Pitching for Rio Grande Rattlesnake : RHP Tom Hudson
Batting: LHB Mark Everett 0-0: Called Strike
0-1: Ground out 6-3 (Groundball, 6M)
Batting: RHB Luis Alou 0-0: Called Strike
0-1: Swinging Strike
0-2: Ball
1-2: Foul Ball, location: 2F
1-2: Strikes out swinging
Batting: RHB Richard Bankhead 0-0: Ball
1-0: SINGLE (Line Drive, 7S)
Batting: SHB Pedro Martínez 0-0: Ball
1-0: Ball
Richard Bankhead steals 2nd base
2-0: Foul Ball, location: 2F
2-1: Swinging Strike
2-2: Strikes out swinging
Top of the 7th over - 0 run(s), 1 hit(s), 0 error(s), 1 left on base; Butler 5 - Rio Grande 9
BOTTOM OF THE 7TH
Rio Grande Rattlesnake batting - Pitching for Butler White Sox : RHP Cliff Erwin
Pitching: RHP Barry Garner
Batting: RHB Luis Sánchez 0-0: SINGLE (Line Drive, 7LS)
Batting: LHB Luis Villa 0-0: Ball
1-0: Called Strike
1-1: Fielders Choice at 2nd, 4-6 (Groundball, 4)
Batting: SHB Douglas Taylor 0-0: SINGLE (Groundball, 56D)
Luis Villa to second
Batting: SHB Carlos Reyes 0-0: Ball
Throwing error on steal attempt, E2
Luis Villa scores
Douglas Taylor to third
1-0: SINGLE (Groundball, 4M)
Douglas Taylor scores
Batting: SHB Giancarlo Giannini 0-0: Ball
1-0: Ball
2-0: Ball
3-0: Base on Balls
Carlos Reyes to second
Batting: RHB Christian Hudson 0-0: Called Strike
0-1: Ball
1-1: Foul Ball, location: 2F
1-2: Ball
2-2: Ball
3-2: Foul Ball, location: 2F
3-2: Strikes out looking
Batting: RHB Luis Ibarra 0-0: Called Strike
0-1: Swinging Strike
0-2: Ground out 5-3 (Groundball, 56S)
Bottom of the 7th over - 2 run(s), 3 hit(s), 1 error(s), 2 left on base; Butler 5 - Rio Grande 11
TOP OF THE 8TH
Butler White Sox batting - Pitching for Rio Grande Rattlesnake : RHP Tom Hudson
Pitching: RHP Myron Burgess
Now at C: Hollis Wood
Batting: RHB Enrique Bermúdez 0-0: Ball
1-0: Foul Ball, location: 2F
1-1: Ball
2-1: Ball
3-1: Called Strike
3-2: Strikes out swinging
Batting: RHB Evan Robinson 0-0: SINGLE (Line Drive, 9S)
Batting: RHB Luis Alvarado 0-0: Ball
1-0: Ball
2-0: Swinging Strike
2-1: Grounds into double play, 4-6-3 (Groundball, 4)
Top of the 8th over - 0 run(s), 1 hit(s), 0 error(s), 0 left on base; Butler 5 - Rio Grande 11
BOTTOM OF THE 8TH
Rio Grande Rattlesnake batting - Pitching for Butler White Sox : RHP Barry Garner
Pitching: RHP Manny Pérez
Batting: RHB Paul Martin 0-0: Ball
1-0: Ball
2-0: Foul Ball, location: 2F
2-1: Foul Ball, location: 2F
2-2: Foul Ball, location: 2F
2-2: Foul Ball, location: 2F
2-2: Foul Ball, location: 2F
2-2: Fly out, F8 (Flyball, 8LD)
Batting: RHB Javier Rentería 0-0: Called Strike
0-1: Ball
1-1: TRIPLE (Line Drive, 9LM)
Batting: RHB Luis Sánchez 0-0: Ball
Passed Ball!
Javier Rentería scores
1-0: Ball
2-0: Foul Ball, location: 2F
2-1: SOLO HOME RUN (Flyball, 7D), Distance : 376 ft
Batting: LHB Luis Villa 0-0: Called Strike
0-1: Swinging Strike
0-2: Strikes out looking
Batting: SHB Douglas Taylor 0-0: Called Strike
0-1: Hit by Pitch
Batting: RHB Hollis Wood 0-0: Called Strike
0-1: Ball
Douglas Taylor is caught stealing 2nd base
Bottom of the 8th over - 2 run(s), 2 hit(s), 0 error(s), 0 left on base; Butler 5 - Rio Grande 13
TOP OF THE 9TH
Butler White Sox batting - Pitching for Rio Grande Rattlesnake : RHP Myron Burgess
Batting: LHB Jesús González 0-0: Ball
1-0: Called Strike
1-1: Ground out 5-3 (Groundball, 5D)
Batting: RHB Rodney González 0-0: Foul Ball, location: 2F
0-1: Swinging Strike
0-2: Ball
1-2: Ground out U3 (Groundball, 3S)
Batting: LHB Mark Everett 0-0: Ball
1-0: Ball
2-0: Called Strike
2-1: Foul Ball, location: 2F
2-2: Ball
3-2: Foul Ball, location: 2F
3-2: Ground out 1-3 (Groundball, 13S)
Top of the 9th over - 0 run(s), 0 hit(s), 0 error(s), 0 left on base; Butler 5 - Rio Grande 13
This league is powered by Out of the Park Baseball, the baseball management simulation game for PC, Mac and Linux
Tuesday, August 2nd, 2016 - OOTP Baseball 16.8 Build 38